 Dungeon Crawl Stone Soup version 0.30-a0-381-g6ea064c7b4 (webtiles) character file.

Game seed: 7418125811790455529

85 qeuew the Trooper (level 4, -1/40 HPs)
             Began as a Hill Orc Fighter on Dec 1, 2022.
             Slain by a gnoll
             ... wielding a +0 flail
              (7 damage)
             ... on level 3 of the Dungeon.
             The game lasted 00:02:10 (1757 turns).

qeuew the Trooper (Hill Orc Fighter)                Turns: 1757, Time: 00:02:11

Health: -1/40      AC:  7    Str: 20    XL:     4   Next: 48%
Magic:  4/4        EV:  9    Int:  8    God:
Gold:   65         SH:  4    Dex: 10    Spells: 3/3 levels left

rFire   . . .      SeeInvis .    a - +0 war axe
rCold   . . .      Faith    .    c - +0 buckler
rNeg    . . .      Spirit   .    b - +0 scale mail
rPois   .          Reflect  .    (no helmet)
rElec   .          Harm     .    (no cloak)
rCorr   .          Rampage  .    (no gloves)
Will    .....                    (no boots)
Stlth   ..........               (no amulet)
HPRegen 0.26/turn                (no ring)
MPRegen 0.09/turn                (no ring)

@: mighty
A: no striking features
a: no special abilities


You were on level 3 of the Dungeon.
You visited 1 branch of the dungeon, and saw 3 of its levels.

You collected 65 gold pieces.

Inventory:

Hand Weapons
 a - a +0 war axe (weapon)
Armour
 b - a +0 scale mail (worn)
 c - a +0 buckler (worn)
Scrolls
 h - a scroll of silence
Potions
 d - a potion of might
 e - a potion of degeneration {unknown}


   Skills:
 + Level 4.2 Fighting
 + Level 3.6 Axes
 + Level 3.8 Armour
 + Level 1.1 Dodging
 + Level 3.8 Shields


You had 3 spell levels left.
You didn't know any spells.
Your spell library was empty.

Dungeon Overview and Level Annotations

Branches:
Dungeon (3/15)

Altars:


Message History

The gnoll hits you with a +0 whip.
You slash the gnoll!
The gnoll is almost dead.
The gnoll hits you with a +0 whip.
The gnoll hits you from afar with a +0 halberd!
You slash the gnoll!
You kill the gnoll!
You hit the gnoll. The gnoll closely misses you. The gnoll barely misses you.
The gnoll hits you but does no damage. You block the gnoll's attack.
You closely miss the gnoll.
The gnoll is moderately wounded.
The gnoll closely misses you. The gnoll hits you but does no damage.
You closely miss the gnoll.
The gnoll is moderately wounded.
The gnoll hits you but does no damage. The gnoll hits you with a +0 flail!
You are too injured to fight recklessly!
You are too injured to fight recklessly!
You are too injured to fight recklessly!
You are too injured to fight recklessly!
You are too injured to fight recklessly!
You are too injured to fight recklessly!
You are too injured to fight recklessly!
You are too injured to fight recklessly!
You are too injured to fight recklessly!
Unknown command.
The gnoll hits you but does no damage. The gnoll hits you with a +0 flail.
You see here a +0 whip.
Unknown command.
You closely miss the gnoll. You barely miss the gnoll.
You block the gnoll's attack. The gnoll barely misses you.
The gnoll hits you but does no damage. The gnoll hits you with a +0 halberd.
* * * LOW HITPOINT WARNING * * *
Unknown command.
You feel very mighty all of a sudden. You block the gnoll's attack.
The gnoll hits you with a +0 flail.
* * * LOW HITPOINT WARNING * * *
Unknown command.
You closely miss the gnoll. You hit the gnoll.
The gnoll hits you with a +0 flail!
You die...

#.....# #.....#
#.....# #.....#
#.....# #.....#
#.g...# #@g#
#...# #..# #...#
#..# #...###..#
#...#....#####.#
#.#
#...#...........
..#
#...###.######.#
#.#
#.....#.######
...
##.#............


You could see 2 gnolls.

Vanquished Creatures
  A gnoll (D:3)
  An adder (D:2)
  An ufetubus (D:3)
  A worm (D:3)
  A dart slug (D:2)
  5 ball pythons
  6 endoplasms
  4 giant cockroaches
  3 hobgoblins
  11 jackals
  5 bats
  3 frilled lizards
  2 goblins (D:1)
  6 kobolds
50 creatures vanquished.

Notes
Turn   | Place    | Note
-------+----------+-------------------------------------------
     0 | D:1      | qeuew the Hill Orc Fighter began the quest for the Orb.
     0 | D:1      | Reached XP level 1. HP: 19/19 MP: 1/1
   132 | D:1      | Reached XP level 2. HP: 27/27 MP: 2/2
   524 | D:1      | Reached XP level 3. HP: 28/33 MP: 3/3
  1229 | D:2      | Reached skill level 4 in Fighting
  1283 | D:2      | Found a faded altar of an unknown god.
  1289 | D:2      | Reached skill level 1 in Dodging
  1518 | D:2      | Reached XP level 4. HP: 34/40 MP: 4/4
  1757 | D:3      | Slain by a gnoll

Illustrated notes

Levels and vault maps discovered:
D:1:      minmay_arrival_shoal_huts, layout_basic
D:2:      layout_loops_cross, hellmonk_ecumenical_altar_dog_temple
D:3:      minmay_evil_eye, layout_basic, mainiacjoe_overflow_six_doors_small

Skill      XL: |  1  2  3 |
---------------+----------+-----
Axes           | 3 |  3.6
Fighting       | 4 |  4.2
Dodging        | 1 |  1.1
Armour         | |  3.8
Shields        | |  3.8

Action                   |  1- 3 |  4- 6 || total
-------------------------+-------+-------++-------
Melee: War axe           |   114 |    28 ||   142
  Use: Scroll            |     5 |     5 ||    10
       Potion            |       |     2 ||     2
Armor: Scale mail        |    64 |    23 ||    87
Dodge: Dodged            |    54 |    15 ||    69
Block: Buckler           |    23 |     8 ||    31

Table legend: (Time is in decaauts)
 A = Elapsed time spent in this place.
 B = Non-inter-level travel time spent in this place.
 C = Inter-level travel time spent in this place.
 D = Time resting spent in this place.
 E = Time spent auto-exploring this place.
 F = Levels seen in this place.
 G = Mean time per level.
                   A        B        C        D        E       F      G
               +--------+--------+--------+--------+--------+-----+--------+
         Total |   1810 |   1771 |     39 |    100 |   1284 |   3 |  603.3 |
       Dungeon |   1810 |   1771 |     39 |    100 |   1284 |   3 |  603.3 |
               +--------+--------+--------+--------+--------+-----+--------+

Top non-repeatable levels by time:
     D:1: 1029 daAuts
     D:2: 609 daAuts
     D:3: 170 daAuts
